 Dungeon Crawl Stone Soup version 0.26-a0-307-g4e7fcc93f0 (webtiles) character file.

Game seed: 8603928682850664975

319 Corto the Digger (level 6, 0/32 HPs)
             Began as a Gargoyle Earth Elementalist on July 15, 2020.
             Slain by a hound (3 damage)
             ... on level 5 of the Dungeon.
             The game lasted 00:12:09 (3613 turns).

Corto the Digger (Gargoyle Earth Elementalist)      Turns: 3613, Time: 00:12:09

Health: 0/32       AC:  7    Str: 12    XL:     6   Next: 45%
Magic:  1/12       EV: 12    Int: 17    God:
Gold:   153        SH:  0    Dex: 10    Spells: 10/14 levels left

rFire    . . .     SeeInvis .   o - +2 flail (vorpal)
rCold    . . .     Faith    .   (no shield)
rNeg     + . .     Spirit   .   c - +0 robe
rPois    ∞         Reflect  .   (no helmet)
rElec    +         Harm     .   (no cloak)
rCorr    .                      (no gloves)
MR       .....                  f - +0 pair of boots
Stlth    ++........             (no amulet)
HPRegen  0.10/turn              (no ring)
MPRegen  0.13/turn              (no ring)

@: no status effects
A: negative energy resistance 1, electricity resistance, unbreathing,
petrification resistance, rot immunity, AC +4
a: no special abilities


You were on level 5 of the Dungeon.
You visited 1 branch of the dungeon, and saw 5 of its levels.

You collected 153 gold pieces.

Inventory:

Hand Weapons
 o - a +2 vorpal flail (weapon)
Missiles
 b - 210 stones (quivered)
Armour
 c - a +0 robe (worn)
 f - a +0 pair of boots (worn)
 m - a +0 buckler
Jewellery
 d - an uncursed ring of wizardry {unknown}
Wands
 n - a wand of acid (3)
Scrolls
 e - a scroll of magic mapping {unknown}
 g - 4 scrolls of identify {unknown}
 i - 2 scrolls of enchant weapon {unknown}
 l - 2 scrolls of teleportation {unknown}
 p - a scroll of immolation {unknown}
 q - a scroll of blinking {unknown}
Potions
 a - 2 potions of magic {unknown}
 h - 2 potions of brilliance {unknown}
 j - a potion of resistance {unknown}
 k - 2 potions of curing {unknown}


   Skills:
 - Level 1.5 Dodging
 - Level 2.1 Stealth
 + Level 4.5 Spellcasting
   Level 0.7 Transmutations
 + Level 6.5 Earth Magic


You had 10 spell levels left.
You knew the following spells:

 Your Spells              Type           Power        Failure   Level
a - Sandblast             Erth           ####..       1%          1
b - Stone Arrow           Conj/Erth      ##....       12%         3

Your spell library contained the following spells:

 Spells                   Type           Power        Failure   Level
 Passwall                 Tmut/Erth      ###.....     5%          2
 Lee's Rapid Deconstruct  Erth           ####......   28%         5
 Petrify                  Tmut/Erth      ###.....     34%         4


Dungeon Overview and Level Annotations

Branches:
Dungeon (5/15)
 Temple: D:4-7

Altars:
Fedhas
Gozag

Annotations:
D:4 Dowan, Duvessa


Innate Abilities, Weirdness & Mutations

You are resistant to torment.
Your stone body is resilient. (AC +4)
You are immune to poison.
You resist negative energy. (rN+)
You are resistant to electric shocks. (rElec)
You can survive without breathing.
You are immune to petrification.
You are immune to rotting.


Message History

* * * LOW HITPOINT WARNING * * *
The hound closely misses you.
Casting: Sandblast (safe; 1% risk of failure)
Confirm with . or Enter, or press ? or * to list all spells.
Aiming: Sandblast (safe; 1% risk of failure)
Press: ? - help, Shift-Dir - straight line, f/p - hound
Aim: a hound (lightly wounded)
The blast of sand hits the hound!!
You kill the hound!
b - 211 stones
Casting: Sandblast (safe; 1% risk of failure)
Confirm with . or Enter, or press ? or * to list all spells.
Aiming: Sandblast (safe; 1% risk of failure)
Press: ? - help, Shift-Dir - straight line, f - hound
Aim: a hound The blast of sand hits the hound!
The hound is almost dead.
b - 210 stones The hound bites you.
You die... █ •• ██•█ ••••• █•••••██████ █•••h@•†•█ ███••†•<•█ █••••••█ █•••••)█ █•██████ █• █• █•

You could see a hound.

Vanquished Creatures
  A howler monkey (D:5)
  2 hounds
  A hound skeleton (D:4)
  4 gnolls (D:3)
  10 adders
  A worm (D:3)
  3 dart slugs (D:1)
  6 orcs
  A ball python (D:2)
  5 giant cockroaches
  4 goblins
  8 hobgoblins
  7 kobolds
  A quokka (D:3)
  10 bats
  6 frilled lizards
  5 rats
75 creatures vanquished.

Notes
Turn   | Place    | Note
-------+----------+-------------------------------------------
     0 | D:1      | Corto the Gargoyle Earth Elementalist began the quest for
                  | the Orb.
     0 | D:1      | Reached XP level 1. HP: 10/10 MP: 3/3
    76 | D:1      | Reached skill level 4 in Earth Magic
    76 | D:1      | Reached XP level 2. HP: 12/15 MP: 5/5
   882 | D:1      | Reached XP level 3. HP: 19/19 MP: 6/6
  1547 | D:2      | Reached XP level 4. HP: 18/24 MP: 8/8
  1893 | D:2      | Found an opulent altar of Gozag.
  1924 | D:2      | Reached skill level 5 in Earth Magic
  2477 | D:3      | Reached XP level 5. HP: 28/28 MP: 10/10
  2510 | D:3      | Learned a level 3 spell: Stone Arrow
  2744 | D:3      | Found a blossoming altar of Fedhas.
  3316 | D:4      | Reached skill level 6 in Earth Magic
  3565 | D:4      | Noticed Duvessa
  3567 | D:4      | Noticed Dowan
  3577 | D:4      | Reached XP level 6. HP: 21/32 MP: 10/12
  3604 | D:5      | Entered Level 5 of the Dungeon
  3613 | D:5      | Slain by a hound

Illustrated notes

Levels and vault maps discovered:
D:1:      minmay_arrival_hallway, layout_basic
D:2:      layout_rooms, nicolae_gozag_seed_capital
D:3:      minmay_inner_zag, layout_rooms, old_standard_altar
D:4:      layout_rooms, uniq_duvessa
D:5:      layout_rooms, overflow_temple_1_default, minmay_temple_entry_trees

Skill      XL: |  1  2  3  4  5 |
---------------+----------------+-----
Earth Magic    | 4 5 6 |  6.5
Spellcasting   | 3 4 |  4.5
Dodging        | |  1.5
Stealth        | |  2.1
Transmutations | |  0.7

Action                   |  1- 3 |  4- 6 || total
-------------------------+-------+-------++-------
Melee: Club              |    11 |       ||    11
       Whip              |   126 |    99 ||   225
       Unarmed           |     3 |       ||     3
       Flail             |       |    76 ||    76
 Cast: Sandblast         |    11 |    26 ||    37
 Stab: Sleeping          |     4 |     3 ||     7
Armor: Robe              |    68 |   100 ||   168
Dodge: Dodged            |   120 |   132 ||   252

Table legend:
 A = Non-vault XP
 B = Vault XP
 C = Vault XP percentage of total XP
 D = Non-vault monster count
 E = Vault monster count
 F = Vault count percentage of total count
                 A         B        C        D         E       F
            +---------+---------+-------+---------+---------+-------
      Total |     437 |      19 |   4.2 |      71 |       4 |   5.3
            +---------+---------+-------+---------+---------+-------
        D:1 |      41 |       0 |   0.0 |      20 |       0 |   0.0
        D:2 |     106 |       0 |   0.0 |      21 |       0 |   0.0
        D:3 |      97 |      19 |  16.4 |      20 |       4 |  16.7
        D:4 |      99 |       0 |   0.0 |       8 |       0 |   0.0
        D:5 |      94 |       0 |   0.0 |       2 |       0 |   0.0
            +---------+---------+-------+---------+---------+-------
